 Dungeon Crawl Stone Soup version 0.29.1-2-gbd0b4ee654 (webtiles) character file.

Game seed: 6949578954694786600

228 quakins the Ruffian (level 5, -2/46 HPs)
             Began as a Troll Transmuter on Oct 29, 2022.
             Slain by Pikel
             ... wielding a +2 whip of freezing
              (3 damage)
             ... on level 4 of the Dungeon.
             The game lasted 00:03:13 (2704 turns).

quakins the Ruffian (Troll Transmuter)              Turns: 2704, Time: 00:03:14

Health: -2/46      AC:  5    Str: 20    XL:     5   Next: 70%
Magic:  5/5        EV:  9    Int:  9    God:
Gold:   187        SH:  0    Dex: 10    Spells: 5/6 levels left

rFire   . . .      SeeInvis .     - Unarmed
rCold   . . .      Faith    .   (no shield)
rNeg    . . .      Spirit   .   a - +0 robe
rPois   .          Reflect  .   (helmet restricted)
rElec   .          Harm     .   p - +0 cloak
rCorr   .          Rampage  .   (gloves unavailable)
Will    .....                   (boots unavailable)
Stlth   +.........              (no amulet)
HPRegen 0.95/turn               (no ring)
MPRegen 0.09/turn               (no ring)

@: no status effects
A: large, unfitting armour, claws 3, regeneration 1, shaggy fur 1, tough skin 1
a: no special abilities


You were on level 4 of the Dungeon.
You visited 1 branch of the dungeon, and saw 4 of its levels.

You collected 187 gold pieces.

Inventory:

Missiles
 m - 2 poisoned darts
 q - 6 atropa-tipped darts
Armour
 a - a +0 robe (worn)
 p - a +0 cloak (worn)
Scrolls
 c - 3 scrolls of identify {unknown}
 d - a scroll of amnesia {unknown}
 g - 4 scrolls of magic mapping {unknown}
 h - a scroll of noise {unknown}
 i - a scroll of immolation {unknown}
 j - 3 scrolls of poison {unknown}
 k - a scroll of silence {unknown}
 s - 3 scrolls of vulnerability {unknown}
 t - a scroll of enchant weapon {unknown}
Potions
 b - 2 potions of lignification
 e - 2 potions of mutation {unknown}
 f - a potion of invisibility {unknown}
 l - a potion of haste {unknown}
 n - a potion of cancellation {unknown}
 o - 4 potions of curing {unknown}
 r - a potion of degeneration {unknown}
 u - a potion of attraction {unknown}


   Skills:
 - Level 0.7 Fighting
 - Level 1.5 Dodging
 + Level 6.5 Unarmed Combat
 - Level 1.2 Spellcasting
 - Level 1.3 Transmutations


You had 5 spell levels left.
You knew the following spells:

 Your Spells              Type           Power      Damage    Failure   Level
a - Beastly Appendage     Tmut           6%         N/A       21%         1

Your spell library contained the following spells:

 Spells                   Type           Power      Damage    Failure   Level
 Wereblood                Tmut           3%         N/A       30%         2
 Magic Dart               Conj           0%         1d3       36%         1
 Sandblast                Erth           0%         2d4       36%         1
 Passwall                 Tmut/Erth      0%         N/A       38%         2
 Call Imp                 Summ           0%         N/A       50%         2
 Poisonous Vapours        Pois/Air       0%         N/A       50%         2
 Spider Form              Tmut/Pois      1%         N/A       63%         3
 Mephitic Cloud           Conj/Pois/Air  0%         N/A       73%         3
 Stone Arrow              Conj/Erth      0%         3d7       73%         3
 Ice Form                 Ice/Tmut       1%         N/A       95%         4
 Corpse Rot               Necr/Pois/Air  0%         N/A       98%         4


Dungeon Overview and Level Annotations

Branches:
Dungeon (4/15)             Temple (0/1) D:4

Altars:
Gozag

Annotations:
D:4 Pikel


Innate Abilities, Weirdness & Mutations

You are too large for most types of armour.
You have claws for hands.
Your natural rate of healing is unusually fast.
You are covered in fur. (AC +1)
You have tough skin. (AC +1)


Message History

A lemure comes into view.
You scratch Pikel.
Pikel is heavily wounded.
Pikel barely misses you.
You claw Pikel!
Pikel is almost dead.
Pikel hits you with a +2 whip of freezing.
Pikel freezes you.
You scratch Pikel but do no damage.
Pikel is almost dead.
Pikel barely misses you.
You closely miss Pikel.
Pikel is almost dead.
Pikel hits you with a +2 whip of freezing.
Pikel freezes you.
You scratch Pikel.
Pikel is almost dead.
Pikel closely misses you.
You barely miss Pikel.
Pikel is almost dead.
Pikel hits you with a +2 whip of freezing.
Pikel freezes you.
You barely miss Pikel.
Pikel is almost dead.
You closely miss Pikel.
Pikel is almost dead.
Pikel hits you with a +2 whip of freezing.
Pikel freezes you.
You barely miss Pikel.
Pikel is almost dead.
Pikel hits you with a +2 whip of freezing.
* * * LOW HITPOINT WARNING * * *
Pikel freezes you.
* * * LOW HITPOINT WARNING * * *
You scratch Pikel but do no damage.
Pikel is almost dead.
Pikel hits you with a +2 whip of freezing!
* * * LOW HITPOINT WARNING * * *
Pikel freezes you.
You die...

..†..##.....#....#
#.#..######.#
.##..##.⌠.⌠.#.##.####.#..#
#.#
.##...'..>..+.##......#..#
#.#
.##.###.⌠.⌠.###########..#
#.# .##.# #.....#
######..## #.# .##.#
###+### #........## #.#
.##.. ..... ##.###.....#
#.# .###.
#...###...##.....## #..
#..55K@.#.).......# ###
#...###...#.......# #..
##.##.......##### .K(
#.##.#.#.#)..... .5.
#.##.#.#.#.)#### #.
#.##.#.#.#..# #.# #
#.##.#.#.#..# #.#
.........#..# #..
..##........#


You could see Pikel and 2 lemures.

Vanquished Creatures
  2 lemures (D:4)
  A scorpion (D:3)
  Crazy Yiuf (D:2)
  An iguana (D:4)
  3 adders
  An ufetubus (D:4)
  A dart slug (D:4)
  7 ball pythons
  4 bats
  5 endoplasms
  2 giant cockroaches (D:2)
  9 goblins
  6 hobgoblins
  6 jackals (D:1)
  3 quokkas
  3 frilled lizards
  11 kobolds
  9 rats
75 creatures vanquished.

Vanquished Creatures (others)
  8 plants (D:2)
8 creatures vanquished.

Grand Total: 83 creatures vanquished

Notes
Turn   | Place    | Note
-------+----------+-------------------------------------------
     0 | D:1      | quakins the Troll Transmuter began the quest for the Orb.
     0 | D:1      | Reached XP level 1. HP: 18/18 MP: 1/1
    84 | D:1      | Reached XP level 2. HP: 26/26 MP: 2/2
   418 | D:1      | Reached skill level 4 in Unarmed Combat
   806 | D:2      | Reached XP level 3. HP: 32/32 MP: 3/3
  1045 | D:2      | Found an opulent altar of Gozag.
  1098 | D:2      | Found a runed translucent door.
  1099 | D:2      | Noticed Crazy Yiuf
  1448 | D:2      | Reached XP level 4. HP: 40/40 MP: 4/4
  1653 | D:2      | Killed Crazy Yiuf
  1654 | D:2      | Reached skill level 5 in Unarmed Combat
  1784 | D:3      | Found a faded altar of an unknown god.
  2008 | D:3      | Noticed a scorpion
  2013 | D:3      | Killed a scorpion
  2014 | D:3      | Reached XP level 5. HP: 40/46 MP: 5/5
  2172 | D:3      | Reached skill level 6 in Unarmed Combat
  2395 | D:4      | Found a staircase to the Ecumenical Temple.
  2516 | D:4      | Noticed a lemure
  2516 | D:4      | Noticed a lemure
  2538 | D:4      | Killed a lemure
  2555 | D:4      | Killed a lemure
  2682 | D:4      | Noticed Pikel
  2682 | D:4      | Noticed a lemure
  2694 | D:4      | Noticed a lemure
  2704 | D:4      | HP: 1/46 [Pikel/+2 whip of freezing (10)]
  2704 | D:4      | Slain by Pikel

Illustrated notes

Levels and vault maps discovered:
D:1:      lightli_arrival_boilingwater, layout_basic, serial_corexii_hall,
          corexii_hall_statues_t, chequers_hall_statues_wall_a,
          chequers_hall_statues_y, corexii_hall_statues_deadend
D:2:      layout_loops_ring, basic_altar, lexackson_kobold_supper,
          uniq_crazy_yiuf_cottage
D:3:      layout_loops_cross, shapermc_ecumenical_altar_gd
D:4:      layout_loops_ring, minmay_temple_entry_hall, uniq_menkaure, uniq_pikel

Skill      XL: |  1  2  3  4  5 |
---------------+----------------+-----
Unarmed Combat | 4 5 6 |  6.5
Fighting       | |  0.7
Dodging        | |  1.5
Spellcasting   | |  1.2
Transmutations | |  1.3

Action                   |  1- 3 |  4- 6 || total
-------------------------+-------+-------++-------
Melee: Unarmed           |   120 |    91 ||   211
       Punch             |     2 |     4 ||     6
 Stab: Sleeping          |     1 |       ||     1
Armor: Robe              |    41 |    16 ||    57
Dodge: Dodged            |    68 |    22 ||    90
